 Dungeon Crawl Stone Soup version 0.30.0-10-gfe55d96785 (webtiles) character file.

Game seed: 17967937010137483194

35 monsoonserge the Charlatan (level 3, -2/26 HPs)
             Began as a Merfolk Artificer on May 15, 2023.
             Was a Follower of Sif Muna.
             Slain by an orc priest
             ... wielding a +0 short sword
              (3 damage)
             ... on level 2 of the Dungeon.
             The game lasted 00:05:26 (979 turns).

monsoonserge the Charlatan (Merfolk Artificer)       Turns: 979, Time: 00:05:27

Health: -2/26      AC:  3    Str: 12    XL:     3   Next: 35%
Magic:  0/3        EV: 12    Int: 12    God:    Sif Muna [*.....]
Gold:   34         SH:  0    Dex: 14    Spells: 1/2 levels left

rFire   . . .        h - +0 short sword (elec)
rCold   . . .        (no shield)
rNeg    . . .        b - +0 leather armour
rPois   .            (no helmet)
rElec   .            (no cloak)
rCorr   .            (no gloves)
SInv    .            (no boots)
Will    .....        (no amulet)
Stlth   ++           (no ring)
HPRegen 0.24/turn    (no ring)
MPRegen 0.08/turn

%: no passive effects
@: no status effects
A: (nimble swimmer 2), mertail
a: Renounce Religion, Channel Magic


You were on level 2 of the Dungeon.
You worshipped Sif Muna.
Sif Muna was aware of your devotion.
You visited 1 branch of the dungeon, and saw 2 of its levels.

You collected 34 gold pieces.

Inventory:

Hand Weapons
 a - a +0 club
 g - a +0 flail
 h - a +0 short sword of electrocution (weapon)
Missiles
 l - 29 stones
 q - 6 poisoned darts
Armour
 b - a +0 leather armour (worn)
 k - a +0 ring mail
Magical Staves
 i - a staff of conjuration
Wands
 c - a wand of flame (11) (quivered)
 d - a wand of charming (15)
 e - a wand of iceblast (5)
Scrolls
 j - a scroll of immolation {unknown}
 m - 2 scrolls of enchant weapon {unknown}
 o - a scroll of identify {unknown}
Potions
 f - a potion of mutation {unknown}
 n - a potion of heal wounds {unknown}
 p - a potion of cancellation {unknown}
 r - a potion of flight {unknown}


   Skills:
 + Level 1.4 Fighting
 + Level 1.3 Short Blades
 + Level 1.1 Armour
 + Level 3.2 Dodging
 + Level 1.2 Stealth
 + Level 3.3 Evocations


You had one spell level left.
You knew the following spells:

 Your Spells              Type           Power      Damage    Failure   Level
a - Summon Small Mammal   Summ           0%         N/A       38%         1

Your spell library contained the following spells:

 Spells                   Type           Power      Damage    Failure   Level
 Apportation              Tloc           0%         N/A       38%         1
 Necrotise                Necr           0%         1d4       38%         1


Dungeon Overview and Level Annotations

Branches:
Dungeon (2/15)

Altars:
Sif Muna


Innate Abilities, Weirdness & Mutations

((You are very nimble when in or above water. (Stealth+, EV+, Speed+++)))
Your lower body shifts to a powerful aquatic tail in water.


Message History

Your rat bites the orc.
The orc closely misses you. The orc hits you but does no damage.
The orc priest looks satisfied for a moment.
Press: ? - help, v - describe, . - travel
Here: an orc priest, wielding a +0 short sword and wearing a +0 ring mail (moderately wounded, ally target)
The floor.
You hit the orc. Lightning courses through the orc!!
You kill the orc!
Sif Muna accepts your kill.
Your bat barely misses something. x2
Unknown command.
You hit the orc priest but do no damage.
The orc priest is moderately wounded.
Your bat barely misses something.
Your bat misses something. The orc hits you with a +0 dagger.
Something completely misses you.
The orc priest hits you but does no damage.
Your rat barely misses the orc.
The orc hits you but does no damage.
Your bat hits something but does no damage.
Aiming: Throw Flame
Press: ? - help, Shift-Dir - straight line, f/p - orc priest
Aim: an orc priest, wielding a +0 short sword and wearing a +0 ring mail (moderately wounded, ally target, 75% to hit)
The puff of flame hits the orc priest.
The orc priest is heavily wounded.
Your bat misses something. x2; Something hits you.
The orc hits you with a +0 flail!
* * * LOW HITPOINT WARNING * * *
The orc priest barely misses you.
Your rat bites the orc but does no damage.
The orc barely misses you.
Your bat closely misses something.
Aiming: Throw Flame
Press: ? - help, Shift-Dir - straight line, f/p - orc priest
Aim: an orc priest, wielding a +0 short sword and wearing a +0 ring mail (heavily wounded, ally target, 75% to hit)
The puff of flame hits the orc priest.
The orc priest is severely wounded.
Your bat hits something but does no damage.
Your bat barely misses something.
The orc hits you with a +0 dagger.
* * * LOW HITPOINT WARNING * * *
Something hits you but does no damage.
The orc priest hits you with a +0 short sword.
You die...

....##########.#
.....†.......... ...###
##+#####........ ......
#..#########..... .#
#.###..........# .#
#.##..#...#....# .#
###.#$...........# .#
#...#⌠....r)o....# .#
##.#.#$.....o@b...#
.#.##.#.##..#..o#{...####.#
.#.##.#.###..........$....#
.........#########.........
.#..##...............######
.# .###..............#
##..#......†.......#.#
....#...........#..#...
##..#...................


You could see an orc priest (ally target), 2 orcs, a friendly bat (summoned) and
a friendly rat (summoned).

Vanquished Creatures
  An orc (D:2)
  3 ball pythons
  2 bats (D:1)
  An endoplasm (D:2)
  2 giant cockroaches (D:1)
  3 hobgoblins
  5 jackals
  3 quokkas (D:1)
  A frilled lizard (D:2)
  6 kobolds (D:1)
27 creatures vanquished.

Vanquished Creatures (collateral kills)
  A jackal (D:2)
1 creature vanquished.

Grand Total: 28 creatures vanquished

Notes
Turn   | Place    | Note
-------+----------+-------------------------------------------
     0 | D:1      | monsoonserge the Merfolk Artificer began the quest for the
                  | Orb.
     0 | D:1      | Reached XP level 1. HP: 15/15 MP: 1/1
   160 | D:1      | Found a faded altar of an unknown god.
   209 | D:1      | Prayed at the altar of an unknown god.
   209 | D:1      | Became a worshipper of Sif Muna the Loreminder
   209 | D:1      | Reached * piety under Sif Muna
   410 | D:1      | Reached XP level 2. HP: 17/21 MP: 2/2
   591 | D:1      | Reached skill level 1 in Armour
   648 | D:1      | Learned a level 1 spell: Summon Small Mammal
   706 | D:1      | Reached skill level 1 in Short Blades
   706 | D:1      | Reached XP level 3. HP: 22/26 MP: 3/3
   979 | D:2      | HP: 1/26 [orc/+0 dagger (2)]
   979 | D:2      | Slain by an orc priest

Illustrated notes

Levels and vault maps discovered:
D:1:      psy_arrival_basics, layout_basic, ebering_ecumenical_altar_hall
D:2:      cheibrodos_pilgrimage, layout_basic, minmay_tromino_mix6

Skill      XL: |  1  2 |
---------------+-------+-----
Dodging        | 3 |  3.2
Armour         | 1 |  1.1
Short Blades   | 1 |  1.3
Fighting       | |  1.4
Stealth        | |  1.2
Evocations     | |  3.3

Action                     || total
---------------------------++-------
  Melee: Short sword       ||    90
         Club              ||    22
         Flail             ||     1
   Cast: Summon Small Mamm ||     6
  Evoke: Wand              ||     4
 Armour: Leather armour    ||    31
         Ring mail         ||    12
  Dodge: Dodged            ||    90
